 Dungeon Crawl Stone Soup version 0.25-a0-420-g1cc7eeb0d1 (webtiles) character file.

Game seed: 2149646673152318359, levelgen mode: deterministic

1159 Napalmbreeze the Covert (level 8, -6/54 HPs)
             Began as a Halfling Assassin on Jan 19, 2020.
             Killed by divine providence
             ... invoked by an orc priest
              (10 damage)
             ... on level 4 of the Dungeon.
             The game lasted 00:13:08 (7396 turns).

Napalmbreeze the Covert (Halfling Assassin)         Turns: 7396, Time: 00:13:08

Health: -6/54      AC:  5    Str: 12    XL:     8   Next: 66%
Magic:  0/8        EV: 16    Int:  9    God:
Gold:   220        SH:  0    Dex: 18    Spells: 7/7 levels left

rFire    . . .     SeeInvis .   a - +3 dagger
rCold    . . .     Gourm    .   (shield restricted)
rNeg     . . .     Faith    .   z - +0 leather armour (curse)
rPois    +         Spirit   +   r - +1 helmet
rElec    .         Reflect  .   n - scarf {Spirit}
rCorr    .         Harm     .   (no gloves)
MR       .....                  (no boots)
Stlth    ++++......             q - amulet of magic regeneration
HPRegen  0.18/turn              u - ring of poison resistance
MPRegen  0.36/turn              (no ring)

@: slowed, very slow
A: small, mutation resistance 1
a: no special abilities


You were on level 4 of the Dungeon.
You were not hungry.

You visited 1 branch of the dungeon, and saw 5 of its levels.

You collected 220 gold pieces.

Inventory:

Hand Weapons
 a - a +3 dagger (weapon)
 h - a +0 vampiric dagger
Missiles
 d - 8 poisoned darts (quivered)
 e - 2 curare-tipped darts
Armour
 b - a +0 robe
 n - a scarf of spirit shield (worn)
 r - a +1 helmet (worn)
 z - a cursed +0 leather armour (worn)
Jewellery
 q - an amulet of magic regeneration (around neck)
 u - a ring of poison resistance (left hand)
Wands
 s - a wand of iceblast (10)
Scrolls
 i - 2 scrolls of enchant armour
 l - a scroll of magic mapping
 o - 3 scrolls of remove curse {unknown}
 v - a scroll of fog
 w - a scroll of immolation {unknown}
Potions
 c - a potion of ambrosia {unknown}
 g - 2 potions of agility
 k - a potion of lignification
 p - a potion of mutation {unknown}
 t - a potion of invisibility {unknown}
 x - a potion of haste
 A - a potion of might {unknown}
Comestibles
 f - 6 rations
 j - a chunk of flesh


   Skills:
 + Level 4.4 Fighting
 + Level 7.0 Short Blades
 - Level 2.0 Throwing
 - Level 4.0 Dodging
 + Level 8.0 Stealth


You had 7 spell levels left.
You didn't know any spells.
Your spell library contained the following spells:

 Spells                   Type           Power        Failure   Level  Hunger
 Magic Dart               Conj           #...         45%         1    ##.....
 Searing Ray              Conj           #.....       61%         2    ###....
 Dazzling Flash           Conj/Hex       #.....       83%         3    ####...
 Fulminant Prism          Conj/Hex       #.........   99%         4    #####..
 Iskenderun's Mystic Bla  Conj/Tloc      #.......     99%         4    #####..


Dungeon Overview and Level Annotations

Branches:
Dungeon (5/15)
 Temple: D:4-7

Altars:
Makhleb
Xom


Innate Abilities, Weirdness & Mutations

You are small and have problems with some larger weapons.
You are somewhat resistant to further mutation.


Message History

The orc wizard misses you.
You hit the orc wizard but do no damage.
The orc wizard is almost dead.
The orc wizard barely misses you.
You hit the orc wizard.
The orc wizard is almost dead.
The orc wizard closely misses you.
The orc priest calls upon Beogh to heal the orc wizard.
The orc wizard is healed somewhat.
You barely miss the orc wizard.
The orc wizard is severely wounded.
The orc wizard hits you with a +0 dagger of protection.
* * * LOW HITPOINT WARNING * * *
The orc priest misses you. The orc wizard completely misses you.
You hit the orc wizard but do no damage.
The orc wizard is severely wounded.
The orc wizard barely misses you.
The orc priest mumbles some strange prayers to Beogh against you.
Beogh smites you!
You die...

##.##.# ########
#..#.# #.......
##.#.# #.......
#...# #####.......
##..# #...........
#..# #........###
#..# #........#
##o######........###
#o@.............##.
########........##.
#........##.
#........##.
####'######. #.# #.
#.######. #......).
#########


You could see an orc priest and an orc wizard.

Vanquished Creatures
  Grinder (D:3)
  A centaur (D:5)
  A scorpion (D:5)
  A jelly (D:4)
  2 crimson imps
  A centaur zombie (D:4)
  3 bullfrog zombies (D:4)
  2 hounds
  Crazy Yiuf (D:3)
  3 orc priests
  4 orc wizards
  Jessica (D:3)
  2 iguanas (D:5)
  A worker ant (D:4)
  2 worker ant zombies (D:4)
  Robin (D:2)
  4 adders
  4 gnolls (D:4)
  An ooze (D:1)
  An adder zombie (D:4)
  3 dart slugs
  2 leopard geckos
  8 orcs
  4 giant cockroaches
  17 goblins
  10 hobgoblins
  3 kobolds
  4 bats
  5 frilled lizards
  A jackal zombie (D:4)
  2 leopard gecko zombies (D:4)
  A quokka skeleton (D:4)
  A quokka zombie (D:4)
  10 rats
108 creatures vanquished.

Notes
Turn   | Place    | Note
-------+----------+-------------------------------------------
     0 | D:1      | Napalmbreeze the Halfling Assassin began the quest for the
                  | Orb.
     0 | D:1      | Reached XP level 1. HP: 14/14 MP: 1/1
   368 | D:1      | Reached XP level 2. HP: 3/19 MP: 2/2
   946 | D:1      | Reached XP level 3. HP: 24/24 MP: 3/3
  1105 | D:1      | Reached skill level 5 in Stealth
  1940 | D:2      | Reached XP level 4. HP: 29/29 MP: 4/4
  2404 | D:3      | Reached XP level 5. HP: 35/35 MP: 5/5
  2436 | D:3      | Noticed Jessica
  2453 | D:3      | Killed Jessica
  2634 | D:3      | Found a burning altar of Makhleb.
  2795 | D:3      | Noticed Grinder
  2803 | D:3      | Killed Grinder
  2803 | D:3      | Reached skill level 6 in Stealth
  2803 | D:3      | Reached XP level 6. HP: 42/42 MP: 4/6
  2855 | D:3      | Noticed Robin
  2972 | D:3      | Reached XP level 7. HP: 45/46 MP: 7/7
  3136 | D:2      | Killed Robin
  3337 | D:3      | Found a runed translucent door.
  3338 | D:3      | Noticed Crazy Yiuf
  3824 | D:3      | Killed Crazy Yiuf
  4273 | D:4      | Found a shimmering altar of Xom.
  4273 | D:4      | Found a burning altar of Makhleb.
  4437 | D:4      | Reached skill level 7 in Stealth
  5110 | D:4      | Reached skill level 5 in Short Blades
  5400 | D:4      | Reached XP level 8. HP: 42/54 MP: 6/8
  5860 | D:5      | Entered Level 5 of the Dungeon
  6282 | D:5      | HP: 2/54 [scorpion (2)]
  6289 | D:5      | HP: 1/54 [orc wizard/cursed +0 dagger (1)]
  7258 | D:4      | Reached skill level 8 in Stealth
  7396 | D:4      | Killed from afar by an orc priest

Levels and vault maps discovered:
D:1:      kennysheep_arrival_forest, layout_loops_corners
D:2:      layout_loops_cross, minmay_rat_gold_closets
D:3:      layout_basic, makhleb_heckhound_becter, uniq_crazy_yiuf_cottage,
          uniq_robin, uniq_grinder, uniq_jessica
D:4:      layout_basic, grunt_temple_overflow_champion_of_chaos, serial_undead,
          serial_undead_a, serial_undead_a, serial_undead_c, serial_undead_a,
          serial_undead_a
D:5:      layout_gridville, minmay_temple_entry_ruins, first_ration

Skill      XL: |  1  2  3  4  5  6  7  8 |
---------------+-------------------------+-----
Fighting       | 2 3 4 |  4.4
Stealth        | 5 6 7 8 |  8.0
Short Blades   | 3 4 5 7 |  7.0
Dodging        | 2 3 4 |  4.0
Throwing       | |  2.0

Action                   |  1- 3 |  4- 6 |  7- 9 || total
-------------------------+-------+-------+-------++-------
Melee: Dagger            |    87 |    68 |   459 ||   614
  Use: Potion            |       |       |     8 ||     8
       Scroll            |       |       |     6 ||     6
 Stab: Sleeping          |    12 |    13 |     4 ||    29
       Distracted        |       |       |     4 ||     4
       Invisible         |       |       |     1 ||     1
  Eat: Chunk             |     3 |     3 |     9 ||    15
       Ration            |       |       |     2 ||     2
Armor: Robe              |    15 |     6 |    17 ||    38
       Leather armour    |       |       |    14 ||    14
       Skin              |       |       |    14 ||    14
Dodge: Dodged            |    45 |    51 |   285 ||   381

Table legend:
 A = Non-vault XP
 B = Vault XP
 C = Vault XP percentage of total XP
 D = Non-vault monster count
 E = Vault monster count
 F = Vault count percentage of total count
                 A         B        C        D         E       F
            +---------+---------+-------+---------+---------+-------
      Total |     953 |     704 |  42.5 |      73 |      35 |  32.4
            +---------+---------+-------+---------+---------+-------
        D:1 |      49 |       0 |   0.0 |      21 |       0 |   0.0
        D:2 |      30 |      31 |  50.8 |       9 |      14 |  60.9
        D:3 |     102 |     393 |  79.4 |      16 |       9 |  36.0
        D:4 |     326 |     280 |  46.2 |      14 |      12 |  46.2
        D:5 |     446 |       0 |   0.0 |      13 |       0 |   0.0
            +---------+---------+-------+---------+---------+-------
